 Dungeon Crawl Stone Soup version 0.31-a0-187-gba352fbbf7 (webtiles) character file.

Game seed: 2571394276819199442

140 qw the Skirmisher (level 5, 0/29 HPs)
             Began as a Deep Elf Hunter on June 22, 2023.
             Slain by an adder (5 damage)
             ... on level 3 of the Dungeon.
             The game lasted 00:00:53 (1970 turns).

qw the Skirmisher (Deep Elf Hunter)                 Turns: 1970, Time: 00:00:54

Health: 0/29       AC:  7    Str: 10    XL:     5   Next: 2%
Magic:  7/7        EV:  2    Int: 14    God:
Gold:   118        SH:  0    Dex: 18    Spells: 4/4 levels left

rFire   . . .        Y - +0 shortbow
rCold   . . .        (shield currently unavailable)
rNeg    . . .        e - +0 ring mail {rPois}
rPois   +            (no helmet)
rElec   .            b - +1 cloak
rCorr   .            (no gloves)
SInv    .            (no boots)
Will    .....        (no amulet)
Stlth   +            (no ring)
HPRegen 0.24/turn    (no ring)
MPRegen 0.10/turn

%: no passive effects
@: sleeping
A: no striking features
a: no special abilities


You were on level 3 of the Dungeon.
You visited 1 branch of the dungeon, and saw 4 of its levels.

You collected 118 gold pieces.


   Skills:
 - Level 1.5 Fighting
 + Level 8.4 Ranged Weapons
 - Level 2.4 Dodging
 - Level 1.2 Stealth


You had 4 spell levels left.
You didn't know any spells.
Your spell library was empty.

Inventory:

Hand Weapons
 Y - a +0 shortbow (weapon)
Armour
 b - a +1 cloak (worn)
 e - a +0 ring mail of poison resistance (worn)
Scrolls
 a - 5 scrolls of identify
 c - 2 scrolls of teleportation
Potions
 d - a potion of might
 i - a potion of heal wounds

Dungeon Overview and Level Annotations

Branches:
Dungeon (4/15)
 Temple: D:4-7

Altars:
Kikubaaqudgha


Message History

The ball python misses you.
You shoot an arrow.
The arrow hits the sleepcap but does no damage.
The sleepcap releases spores at you. The adder bites you.
1964 ||| STAIRDANCE The adder closely misses you.
The sleepcap releases spores at you. The ball python barely misses you. x2
You climb upwards.
There is a stone staircase leading down here.
Enter note:
Enter note:
Enter note:
Enter note:
Enter note:
Enter note: You shoot an arrow.
The arrow hits the sleepcap.
The sleepcap is lightly damaged.
The adder closely misses you. The ball python bites you.
The ball python grabs you. The ball python constricts you.
The sleepcap releases spores at you. The adder bites you but does no damage.
The ball python closely misses you. The ball python constricts you.
You shoot an arrow. The arrow hits the ball python.
You kill the ball python!
The sleepcap releases spores at you but does no damage.
The adder bites you but does no damage.
The sleepcap releases spores at you but does no damage.
You shoot an arrow. The arrow hits the sleepcap.
The sleepcap is lightly damaged.
The adder bites you but does no damage. The adder bites you.
The sleepcap releases spores at you.
You shoot an arrow. The arrow hits the sleepcap.
The sleepcap is lightly damaged.
The adder closely misses you.
The sleepcap releases spores at you but does no damage.
You shoot an arrow. The arrow hits the sleepcap.
The sleepcap is moderately damaged.
The adder bites you but does no damage. The sleepcap releases spores at you.
You are engulfed in a cloud of soporific spores!
You fall asleep.
The adder bites you.
You die...

#.....# #....###.#.#
####..######.###.#....#
#.............[#####
#...#####......#
#..............#
#..............#
#.#............# ##
#.#.####.....#.# #. #.#.#
#.##@S#.# #. #.#.# #.##f.#.#
#. #.#.## #.##..#.# #.
#..#.###.##..#.# ######.
#.###..<.......# #......
##.#.######.#..#######.####.
##.## #.#..........# #. #.#
#....######### #. #.# ###%.#
#.


You could see a sleepcap and an adder.

Vanquished Creatures
  6 adders
  4 worms
  2 dart slugs (D:1)
  An orc (D:4)
  8 ball pythons
  5 bats
  3 endoplasms
  A giant cockroach (D:1)
  8 goblins
  3 hobgoblins
  7 jackals
  5 kobolds
  3 quokkas
  10 frilled lizards
  6 rats
72 creatures vanquished.

Notes
Turn   | Place    | Note
-------+----------+-------------------------------------------
     0 | D:1      | qw the Deep Elf Hunter began the quest for the Orb.
     0 | D:1      | Reached XP level 1. HP: 12/12 MP: 3/3
     0 | D:1      | 0 ||| qw: Version: 0.3-a-9-g12657ce
     0 | D:1      | 0 ||| qw: Game counter: 2438
     0 | D:1      | 0 ||| qw: Always use a shield: true
     0 | D:1      | 0 ||| qw: God list: Okawaru
     0 | D:1      | 0 ||| qw: Allow faded altars: false
     0 | D:1      | 0 ||| qw: Do Orc after D:15 true
     0 | D:1      | 0 ||| qw: Do second Lair branch before Depths: true
     0 | D:1      | 0 ||| qw: Lair rune preference: random
     0 | D:1      | 0 ||| qw: Plans: Normal
     0 | D:1      | 0 ||| PLANNING D:1-11
    89 | D:1      | Reached XP level 2. HP: 16/16 MP: 4/4
    93 | D:1      | Reached skill level 6 in Ranged Weapons
   458 | D:1      | Reached XP level 3. HP: 20/20 MP: 5/5
   501 | D:1      | 501 ||| Stepping ~*~*~tactically~*~*~ (water).
   503 | D:1      | 503 ||| Stepping ~*~*~tactically~*~*~ (water).
   880 | D:1      | 880 ||| UPGRADING to +0 ring mail.
   890 | D:1      | 890 ||| DROPPING +0 leather armour.
   891 | D:1      | 891 ||| READING 2 scrolls labelled MIF KIFUUPH.
   892 | D:1      | 892 ||| READING scroll labelled CONODO SIGA.
   896 | D:1      | 896 ||| READING scroll labelled DAUFRO ITZEA.
   897 | D:1      | 897 ||| DROPPING scroll of butterflies.
   950 | D:2      | Reached skill level 7 in Ranged Weapons
  1052 | D:2      | Reached XP level 4. HP: 25/25 MP: 6/6
  1110 | D:2      | Found an ancient bone altar of Kikubaaqudgha.
  1323 | D:2      | 1323 ||| UPGRADING to +1 cloak.
  1328 | D:2      | 1328 ||| UPGRADING to +0 ring mail of poison resistance.
  1338 | D:2      | 1338 ||| DROPPING +0 ring mail.
  1339 | D:2      | 1339 ||| DRINKING 2 fizzy dark potions.
  1340 | D:2      | 1340 ||| READING 3 scrolls of identify.
  1340 | D:2      | 1340 ||| IDENTIFYING fuming white potion
  1446 | D:3      | Reached skill level 8 in Ranged Weapons
  1926 | D:3      | 1926 ||| DROPPING ring of magical power.
  1927 | D:3      | 1927 ||| READING scroll labelled PAEKESS FAPO.
  1928 | D:3      | 1928 ||| READING 6 scrolls of identify.
  1928 | D:3      | 1928 ||| IDENTIFYING sedimented clear potion
  1929 | D:3      | 1929 ||| DROPPING potion of magic.
  1962 | D:4      | Reached XP level 5. HP: 28/29 MP: 7/7
  1964 | D:4      | 1964 ||| STAIRDANCE
  1970 | D:3      | HP: 5/29 [sleepcap (5)]
  1970 | D:3      | Slain by an adder

Levels and vault maps discovered:
D:1:      lemuel_arrival_lava_pool, layout_loops_ring,
          chequers_serial_rivers_small_3, minmay_lizard_king
D:2:      layout_rooms, basic_altar, minmay_misc_feat_diagonals,
          nicolae_wormholes
D:3:      layout_loops_ring
D:4:      wad_river_or_something, layout_basic, serial_shops,
          nicolae_shop_mannequins

Skill      XL: |  1  2  3  4 |
---------------+-------------+-----
Ranged Weapons | 6 7 8 |  8.4
Fighting       | |  1.5
Dodging        | |  2.4
Stealth        | |  1.2

Action                     |  1- 3 |  4- 6 || total
---------------------------+-------+-------++-------
   Fire: Shortbow          |   144 |    78 ||   222
    Use: Scroll            |     3 |     3 ||     6
         Potion            |       |     1 ||     1
 Armour: Leather armour    |    17 |       ||    17
         Ring mail         |     3 |    17 ||    20
  Dodge: Dodged            |    42 |    23 ||    65

Table legend:
 A = Non-vault XP
 B = Vault XP
 C = Vault XP percentage of total XP
 D = Non-vault monster count
 E = Vault monster count
 F = Vault count percentage of total count
                 A         B        C        D         E       F
            +---------+---------+-------+---------+---------+-------
      Total |     182 |      19 |   9.5 |      62 |      10 |  13.9
            +---------+---------+-------+---------+---------+-------
        D:1 |      53 |       7 |  11.7 |      30 |       7 |  18.9
        D:2 |      67 |      10 |  13.0 |      19 |       2 |   9.5
        D:3 |      46 |       0 |   0.0 |      11 |       0 |   0.0
        D:4 |      16 |       2 |  11.1 |       2 |       1 |  33.3
            +---------+---------+-------+---------+---------+-------
